 Dungeon Crawl Stone Soup version 0.22-a0-389-g8519d86 (webtiles) character file.

122 Kairos the Shield-Bearer (level 5, 0/28 HPs)
             Began as a Vine Stalker Fighter on Apr 30, 2018.
             Slain by Dargar's ghost (11 damage)
             ... on level 3 of the Dungeon.
             The game lasted 00:03:37 (2008 turns).

Kairos the Shield-Bearer (Vine Stalker Fighter)     Turns: 2008, Time: 00:03:38

Health: 0/28       AC:  6    Str: 20    XL:     5   Next: 6%
Magic:  0/6        EV: 10    Int:  8    God:
Gold:   157        SH:  9    Dex: 13    Spells: 4/4 levels left

rFire    . . .     SeeInvis .   a - +0 war axe
rCold    . . .     Gourm    .   c - +0 shield
rNeg     . . .     Faith    .   b - +0 scale mail
rPois    +         Spirit   +   (no helmet)
rElec    .         Reflect  .   (no cloak)
rCorr    .         Harm     .   (no gloves)
MR       .....                  (no boots)
Stlth    ..........             (no amulet)
HPRegen  0.49/turn              e - +3 ring of evasion
MPRegen  0.10/turn              g - ring of poison resistance

@: no status effects
A: fangs 2, regeneration 1, magic shield, antimagic bite, no potion heal 3, rot
immunity
a: no special abilities


You were on level 3 of the Dungeon.
You were not hungry.

You visited 1 branch of the dungeon, and saw 3 of its levels.

You collected 157 gold pieces.

Inventory:

Hand Weapons
 a - a +0 war axe (weapon)
Missiles
 o - 2 tomahawks (quivered)
Armour
 b - a +0 scale mail (worn)
 c - a +0 shield (worn)
Jewellery
 e - a +3 ring of evasion (left hand)
 g - a ring of poison resistance (right hand)
 k - a cursed ring of teleportation {unknown}
Scrolls
 i - a scroll of remove curse {unknown}
 j - 2 scrolls of teleportation
 l - a scroll of magic mapping {unknown}
 m - 2 scrolls of identify
 n - a scroll of blinking
 p - a scroll of enchant weapon {unknown}
 r - a scroll of amnesia {unknown}
Potions
 d - 2 potions of might
 h - 3 potions of lignification
 q - a potion of curing {unknown}
Comestibles
 f - 8 rations


   Skills:
 + Level 3.0 Fighting
 + Level 3.2 Axes
 + Level 2.9 Armour
 + Level 0.8 Dodging
 + Level 3.2 Shields


You had 4 spell levels left.
You didn't know any spells.

Dungeon Overview and Level Annotations

Branches:
Dungeon (3/15)

Altars:
Ashenzari

Annotations:
D:3 Dargar's ghost, amateur GrFi


Innate Abilities, Weirdness & Mutations

You have extremely sharp teeth.
Your natural rate of healing is unusually fast.
When hurt, damage is shared between your health and your magic reserves.
Your bite disrupts and absorbs the magic of your enemies.
Potions cannot restore your health.
You are immune to rotting.


Message History

Dargar's ghost makes a sound of rattling chains.
There is a stone staircase leading up here.
You hit Dargar's ghost but do no damage.
Dargar's ghost barely misses you. Dargar's ghost hits you.
You hit Dargar's ghost.
You bite Dargar's ghost, but do no damage.
Dargar's ghost is lightly damaged.
Dargar's ghost hits you.
You hit Dargar's ghost but do no damage.
You bite Dargar's ghost. You drain its power.
You feel invigorated.
Dargar's ghost is lightly damaged.
Dargar's ghost hits you! You block Dargar's ghost's attack.
You hit Dargar's ghost.
Dargar's ghost is lightly damaged.
Dargar's ghost barely misses you.
You hit Dargar's ghost. Your bite misses Dargar's ghost.
Dargar's ghost is lightly damaged.
Dargar's ghost hits you! Dargar's ghost hits you!
You die...

### #.# #.# #.#
###.#####
.######...ooW@#
..........#####
.######.#.#
#.#.# #.#.# #.#
#.#.### #.#
#.....###
#######.#
#.......# #...
.... ##......#
+.. ...


You could see Dargar's ghost and 2 orcs.

Vanquished Creatures
  Jessica (D:3)
  2 adders
  3 worms
  3 dart slugs (D:1)
  2 leopard geckos
  An orc (D:2)
  A ball python (D:1)
  9 bats
  4 giant cockroaches
  6 goblins
  6 hobgoblins
  12 kobolds
  A quokka (D:2)
  3 frilled lizards
  8 rats
62 creatures vanquished.

Notes
Turn   | Place    | Note
-------+----------+-------------------------------------------
     0 | D:1      | Kairos the Vine Stalker Fighter began the quest for the Orb.
     0 | D:1      | Reached XP level 1. HP: 11/11 MP: 2/2
    91 | D:1      | Reached XP level 2. HP: 15/16 MP: 3/3
   416 | D:1      | Reached XP level 3. HP: 19/19 MP: 4/4
  1090 | D:2      | Gained mutation: Your natural rate of healing is unusually fast. [Vine Stalker growth]
  1090 | D:2      | Reached XP level 4. HP: 24/24 MP: 5/5
  1264 | D:2      | Found a shattered altar of Ashenzari.
  1684 | D:3      | Noticed Jessica
  1690 | D:3      | Killed Jessica
  1706 | D:3      | Noticed Dargar's ghost (amateur GrFi)
  1858 | D:3      | Reached XP level 5. HP: 28/28 MP: 6/6
  2008 | D:3      | Slain by Dargar's ghost

Vault maps used:
D:1:      shiori_arrival_maze, serial_bayou_pond_b, minmay_distorted
D:2:      ashenzari_conservatory_becter, corexii_item_surrounded_by_moat
D:3:      marbit_many_paths, uniq_jessica

Skill      XL: |  1  2  3  4 |
---------------+-------------+-----
Axes           | 2 3 |  3.2
Shields        | 3 |  3.2
Fighting       | 3 |  3.0
Armour         | |  2.9
Dodging        | |  0.8

Action                   |  1- 3 |  4- 6 || total
-------------------------+-------+-------++-------
Melee: War axe           |   117 |    75 ||   192
       Bite              |    20 |    23 ||    43
Throw: Tomahawk          |       |     2 ||     2
  Use: Scroll            |     1 |     4 ||     5
  Eat: Chunk             |       |     4 ||     4
Armor: Scale mail        |    35 |    17 ||    52
Dodge: Dodged            |    56 |    28 ||    84
Block: Shield            |    68 |    42 ||   110

Table legend:
 A = Spawn XP
 B = Non-spawn XP
 C = Spawn XP percentage of total XP
 D = Spawn monster count
 E = Non-spawn monster count
 F = Spawn count percentage of total count
 G = Total turns spent on level
                    A         B        C        D         E        F      G
               +---------+---------+-------+---------+---------+-------+---------
         Total |       0 |     175 |   0.0 |       0 |      62 |   0.0 |  2008
               +---------+---------+-------+---------+---------+-------+---------
           D:1 |       0 |      60 |   0.0 |       0 |      32 |   0.0 |   960
           D:2 |       0 |      46 |   0.0 |       0 |      17 |   0.0 |   729
           D:3 |       0 |      69 |   0.0 |       0 |      13 |   0.0 |   319
               +---------+---------+-------+---------+---------+-------+---------
